 Dungeon Crawl Stone Soup version 0.29-a0-409-gd843f3a48c (webtiles) character file.

Game seed: 3503750052637381974

466 croobank the Ducker (level 6, -8/30 HPs)
             Began as a Felid Wanderer on May 13, 2022.
             Mangled by an iguana (14 damage)
             ... on level 5 of the Dungeon.
             The game lasted 00:17:15 (5503 turns).

croobank the Ducker (Felid Wanderer)                Turns: 5503, Time: 00:17:15

Health: -8/30      AC:  2    Str: 15    XL:     6   Next: 81%
Magic:  7/7        EV: 20    Int: 10    God:
Gold:   24         SH:  0    Dex: 18    Spells: 5/5 levels left
                                        Lives:  0   Deaths: 1

rFire   . . .      SeeInvis +     - Unarmed
rCold   . . .      Faith    .   (shield unavailable)
rNeg    . . .      Spirit   .   (body armour unavailable)
rPois   .          Reflect  .   (helmet unavailable)
rElec   .          Harm     .   (cloak unavailable)
rCorr   .          Rampage  .   (gloves unavailable)
Will    .....                   (boots unavailable)
Stlth   +++.......              (no amulet)
HPRegen 0.10/turn               d - +6 ring of strength
MPRegen 0.10/turn               (no ring)

@: quick
A: very small, claws 1, fangs 3, see invisible, speed 1, shaggy fur 2, stealthy
paws, no weapons or thrown items, no armour, multi-lived, dopey 1
a: no special abilities


You were on level 5 of the Dungeon.
You visited 1 branch of the dungeon, and saw 5 of its levels.

You collected 235 gold pieces.
You spent 211 gold pieces at shops.

Inventory:

Jewellery
 d - a +6 ring of strength (left paw)
Wands
 e - a wand of polymorph (14)
 g - a wand of acid (1)
Scrolls
 b - 3 scrolls of blinking
 c - 3 scrolls of fog
 f - 2 scrolls of teleportation
 i - a scroll of magic mapping
 l - a scroll of enchant armour
Potions
 a - a potion of brilliance
 h - a potion of magic
 j - a potion of cancellation


   Skills:
 + Level 5.4 Fighting
 + Level 5.5 Dodging
 + Level 5.4 Stealth
 + Level 4.7 Unarmed Combat


You had 5 spell levels left.
You didn't know any spells.
Your spell library was empty.

Dungeon Overview and Level Annotations

Branches:
Dungeon (5/15)
 Temple: D:4-7

Altars:
Cheibriados
Dithmenos
Elyvilon
Gozag
Ru
Sif Muna
Wu Jian
The Shining One

Shops:
D:3 ?   D:5 ?

Annotations:
D:2 1 runed translucent door, Crazy Yiuf, Sigmund


Innate Abilities, Weirdness & Mutations

You have sharp claws.
You have razor-sharp teeth.
You have supernaturally acute eyesight. (SInv)
You cover ground quickly. (Speed+)
You are covered in thick fur. (AC +2)
Your paws help you pounce on unaware monsters.
You are incapable of wielding weapons or throwing items.
You cannot wear armour.
You gain extra lives every three experience levels.
You are dopey. (Int -2)


Message History

Thank you for shopping at Uddaco Ziatt's Magic Scroll Shop!
You now have 24 gold pieces (gained 15).
There is an open door here.
An iguana comes into view.
You pounce on the unaware helpless iguana!
You eviscerate the iguana!!!
You kill the iguana!
Okay, then.
Found a stone staircase leading down.
An iguana comes into view.
The iguana hisses angrily.
The iguana completely misses you.
You barely miss the iguana. The iguana barely misses you.
You scratch the iguana.
The iguana is moderately wounded.
The iguana closely misses you.
You scratch the iguana but do no damage.
The iguana is moderately wounded.
The iguana completely misses you.
You scratch the iguana.
The iguana is moderately wounded.
The iguana bites you.
You scratch the iguana but do no damage.
The iguana is moderately wounded.
The iguana bites you!
You are too injured to fight recklessly!
You are too injured to fight recklessly!
You scratch the iguana. Your claw misses the iguana.
The iguana is heavily wounded.
The iguana misses you.
You scratch the iguana but do no damage.
The iguana is heavily wounded.
You claw the iguana!
The iguana is almost dead.
The iguana bites you!
* * * LOW HITPOINT WARNING * * *
You scratch the iguana but do no damage.
The iguana is almost dead.
The iguana bites you!
You die...

#..............###....
#..............# ####.
#.............## ##
#.............#
#...........###
#.....####### ****
#####.# *****,,, #.#
****,,,,,,, #@#*
***,,,,,,,,,,
##l#**,,,,,,,,,,,,
*...,,,,,,,,,,,,,
*.#...,,,,,,,,,,,
*..#....,,,,,,,,,
**..,.#..,,,,,,,,*
*****,...,.*.,,,,,,,,*
*,**,,..#*,.,,,,,,,,**
*,,,,*,,,***,,,,,,,,*


You could see an iguana.

Vanquished Creatures
  A phantom (D:5)
  A scorpion (D:5)
  A necrophage (D:5)
  3 hounds
  An orc priest (D:4)
  2 iguanas
  2 orc wizards (D:5)
  Robin (D:3)
  5 adders
  7 orcs
  7 bats
  6 endoplasms
  4 giant cockroaches
  11 goblins
  11 hobgoblins
  6 jackals
  4 kobolds
  4 quokkas
  9 ball pythons
  5 frilled lizards
  6 rats
97 creatures vanquished.

Notes
Turn   | Place    | Note
-------+----------+-------------------------------------------
     0 | D:1      | croobank the Felid Wanderer began the quest for the Orb.
     0 | D:1      | croobank set off with the following items: a potion of
                  | brilliance, a scroll of blinking, 2 scrolls of fog
     0 | D:1      | Reached XP level 1. HP: 11/11 MP: 2/2
   197 | D:1      | Reached XP level 2. HP: 14/15 MP: 3/3
  1119 | D:1      | Reached XP level 3. HP: 16/18 MP: 4/4
  1487 | D:2      | Noticed Sigmund
  1720 | D:2      | Found a runed translucent door.
  1721 | D:2      | Noticed Crazy Yiuf
  1726 | D:2      | Gained mutation: You are dopey. (Int -2) [potion of
                  | mutation]
  2103 | D:3      | Found a shadowy altar of Dithmenos.
  2165 | D:3      | Found Runku's Magic Scroll Boutique.
  2172 | D:3      | Bought a scroll of identify for 24 gold pieces
  2198 | D:3      | Found a snail-covered altar of Cheibriados.
  2251 | D:3      | Bought a scroll of blinking for 90 gold pieces
  2296 | D:3      | Found a faded altar of an unknown god.
  2414 | D:3      | Found a glowing golden altar of the Shining One.
  2438 | D:3      | Reached XP level 4. HP: 22/22 MP: 5/5
  2471 | D:3      | Found a sacrificial altar of Ru.
  2518 | D:3      | Noticed Robin
  2565 | D:3      | Killed Robin
  3521 | D:3      | Reached XP level 5. HP: 6/25 MP: 6/6
  3886 | D:4      | Succumbed to an orc priest's poison
  3887 | D:4      | Reached XP level 4. HP: 0/22 MP: 5/5
  4286 | D:4      | Reached XP level 5. HP: 12/25 MP: 6/6
  4514 | D:4      | Reached skill level 5 in Fighting
  4594 | D:4      | Found a white marble altar of Elyvilon.
  4650 | D:5      | Entered Level 5 of the Dungeon
  4810 | D:5      | Noticed a phantom
  4857 | D:5      | Reached skill level 5 in Dodging
  4857 | D:5      | Gained mutation: You are covered in thick fur. (AC +2)
                  | [Felid growth]
  4857 | D:5      | Reached XP level 6. HP: 26/30 MP: 7/7
  4859 | D:5      | Reached skill level 5 in Stealth
  4903 | D:5      | Identified a scroll of acquirement
  4903 | D:5      | Acquired a +6 ring of strength
  5110 | D:5      | Found an opulent altar of Gozag.
  5115 | D:5      | Found a shimmering blue altar of Sif Muna.
  5121 | D:5      | Found an ornate altar of the Wu Jian Council.
  5353 | D:5      | Found Uddaco Ziatt's Magic Scroll Shop.
  5359 | D:5      | Bought a scroll of blinking for 97 gold pieces
  5503 | D:5      | Mangled by an iguana

Illustrated notes

Levels and vault maps discovered:
D:1:      minmay_arrival_doors, layout_basic, moated_statue
D:2:      layout_loops_ring, basic_altar, uniq_sigmund, uniq_crazy_yiuf_cottage
D:3:      layout_rooms, amcnicky_altar_gilded, tso_metal_star,
          nicolae_ru_sacrificial_ziggurat, cheibriados_altar_1,
          shapermc_ecumenical_altar_petra, serial_shops, shop, uniq_robin
D:4:      layout_rooms, elyvilon_altar_4, kennysheep_another_room
D:5:      layout_cave_pods, minmay_overflow_temple_star_quad, serial_shops,
          kennysheep_little_box

Skill      XL: |  1  2  3  4  5  6 |
---------------+-------------------+-----
Dodging        | 3 4 5 |  5.5
Stealth        | 2 3 4 5 |  5.4
Unarmed Combat | 4 |  4.7
Fighting       | 5 |  5.4

Action                   |  1- 3 |  4- 6 || total
-------------------------+-------+-------++-------
Melee: Unarmed           |   106 |   185 ||   291
       Punch             |     5 |     6 ||    11
       Bite              |     4 |    13 ||    17
Evoke: Wand              |       |     6 ||     6
  Use: Potion            |     3 |     5 ||     8
       Scroll            |     2 |     6 ||     8
 Stab: Distracted        |     1 |       ||     1
       Sleeping          |     8 |     3 ||    11
Armor: Skin              |     6 |     9 ||    15
Dodge: Dodged            |    92 |   137 ||   229

Table legend: (Time is in decaauts)
 A = Elapsed time spent in this place.
 B = Non-inter-level travel time spent in this place.
 C = Inter-level travel time spent in this place.
 D = Time resting spent in this place.
 E = Time spent auto-exploring this place.
 F = Levels seen in this place.
 G = Mean time per level.
                   A        B        C        D        E       F      G
               +--------+--------+--------+--------+--------+-----+--------+
         Total |   5006 |   4902 |    104 |   2457 |   1404 |   5 | 1001.2 |
       Dungeon |   5006 |   4902 |    104 |   2457 |   1404 |   5 | 1001.2 |
               +--------+--------+--------+--------+--------+-----+--------+

Top non-repeatable levels by time:
     D:3: 1656 daAuts
     D:1: 1376 daAuts
     D:5: 761 daAuts
     D:4: 671 daAuts
     D:2: 540 daAuts
